 Dungeon Crawl Stone Soup version 0.28.0-45-g0d030f2227 (webtiles) character file.

Game seed: 6985067100148043296

1728 MisterFreud the Grappler (level 8, -2/76 (79) HPs)
             Began as a White Draconian Transmuter on Apr 26, 2022.
             Was a Follower of Cheibriados.
             Slain by a bullfrog zombie (3 damage)
             ... on level 7 of the Dungeon.
             The game lasted 00:09:54 (7852 turns).

MisterFreud the Grappler (DrTm)                     Turns: 7852, Time: 00:09:54

HP:   -2/76 (79)    AC:  7    Str: 16    XL:     8   Next: 76%
MP:   8/11          EV: 10    Int: 18    God:    Cheibriados [*.....]
Gold: 140           SH:  0    Dex: 15    Spells: 1/11 levels left

rFire   x . .      SeeInvis .     - Unarmed
rCold   + + +      Faith    .   (shield currently unavailable)
rNeg    . . .      Spirit   .   (armour unavailable)
rPois   +          Reflect  .   (helmet currently unavailable)
rElec   .          Harm     .   (cloak currently unavailable)
rCorr   .          Rampage  .   (gloves currently unavailable)
Will    .....                   (boots currently unavailable)
Stlth   +.........              (no amulet)
HPRegen 0.22/turn               (no ring)
MPRegen 0.12/turn               (no ring)

@: ice-form, lightly drained, very slow
A: freezing attack, amphibious, boosted hp, (breathe frost), AC +6, large,
unfitting armour, (cold resistance 1), (cold-blooded)
a: End Transformation, Renounce Religion, Bend Time


You were on level 7 of the Dungeon.
You worshipped Cheibriados.
Cheibriados was aware of your devotion.
You were a creature of crystalline ice.
You visited 2 branches of the dungeon, and saw 8 of its levels.

You collected 166 gold pieces.
You spent 26 gold pieces at shops.

Inventory:

Missiles
 f - 19 poisoned darts
 n - 10 javelins
 u - a boomerang
Jewellery
 g - a ring of poison resistance
 m - an amulet of magic regeneration
Scrolls
 b - 3 scrolls of vulnerability
 d - 4 scrolls of teleportation
 e - a scroll of blinking
 i - a scroll of magic mapping {unknown}
 j - a scroll of noise {unknown}
 o - a scroll of enchant weapon
 v - a scroll of acquirement {unknown}
Potions
 a - a potion of curing
 h - 2 potions of ambrosia
 l - a potion of attraction
 p - a potion of heal wounds {unknown}
 q - 2 potions of mutation
 r - a potion of degeneration {unknown}
 t - a potion of might {unknown}


   Skills:
 - Level 4.0 Fighting
 - Level 1.9 Dodging
 + Level 8.1 Unarmed Combat
 - Level 2.1 Spellcasting
 + Level 6.8 Transmutations
 - Level 4.0 Ice Magic


You had one spell level left.
You knew the following spells:

 Your Spells              Type           Power      Damage    Failure   Level
a - Beastly Appendage     Tmut           52%        N/A       1%          1
b - Wereblood             Tmut           26%        N/A       1%          2
c - Spider Form           Tmut/Pois      14%        N/A       13%         3
d - Ice Form              Ice/Tmut       21%        N/A       19%         4

Your spell library contained the following spells:

 Spells                   Type           Power      Damage    Failure   Level


Dungeon Overview and Level Annotations

Branches:
Dungeon (7/15)             Temple (1/1) D:4

Altars:
Cheibriados
Dithmenos
Elyvilon
Fedhas
Gozag
Hepliaklqana
Kikubaaqudgha
Makhleb
Nemelex Xobeh
Okawaru
Qazlal
Ru
Sif Muna
Uskayaw
Vehumet
Wu Jian
Xom
Yredelemnul
Zin
The Shining One

Shops:
D:1 *   D:7 =

Annotations:
D:3 Grinder
D:7 Maggie


Innate Abilities, Weirdness & Mutations

You are a creature of crystalline ice.
You have a powerful freezing melee attack.
You are amphibious.
Your maximum health is increased.
Your armour is entirely melded.
You are incapable of wielding weapons or throwing items.
((You can breathe waves of freezing cold which knock back foes.))
((Your icy white scales are hard. (AC +6)))
You cannot fit into any form of body armour.
((Your flesh is cold resistant. (rC+)))
((You are cold-blooded and may be slowed by cold attacks.))


Message History

Maggie is lightly wounded.
The bullfrog hits you but does no damage.
Maggie hits you with a +1 glaive of flaming.
Maggie melts you. The bullfrog hits you.
You punch Maggie! You freeze Maggie.
Maggie is heavily wounded.
A bullfrog zombie comes into view.
The bullfrog misses you. Maggie closely misses you.
You punch Maggie! You freeze Maggie.
Maggie is severely wounded.
The bullfrog hits you.
A centaur skeleton comes into view.
Maggie casts a spell at you. The bolt of fire hits you!!
The fire burns you terribly!
* * * LOW HITPOINT WARNING * * *
You hit Maggie but do no damage.
Maggie is severely wounded.
The bullfrog hits you but does no damage. x2
You punch Maggie! You freeze Maggie.
Maggie is almost dead.
Maggie hits you with a +1 glaive of flaming.
* * * LOW HITPOINT WARNING * * *
Maggie melts you.
* * * LOW HITPOINT WARNING * * *
The bullfrog hits you.
* * * LOW HITPOINT WARNING * * *
Unknown command.
Unknown command.
As you read the scroll of fear, it crumbles to dust.
You assume a fearsome visage.
Maggie looks frightened!
The bullfrog zombie is unaffected.
The centaur skeleton is unaffected.
The hound looks frightened!
The centaur zombie is unaffected.
The centaur skeleton is unaffected.
The bullfrog looks frightened!
Maggie screams, "Help!"
The bullfrog zombie hits you.
* * * LOW HITPOINT WARNING * * *
The centaur zombie barely misses you. The centaur zombie closely misses you.
There is a stone staircase leading up here.
The bullfrog zombie hits you.
You die...

...h...<..........
...... ..
.................
#..#. .<
................
...#z.
...............
#.#)..8
..........@...#
#..)<..
........h..Z..#
##.....
...........[?Z#
+.....
............ZZ#
#D.... ......F#Y#
.$.... .......###
....... .......
o....... .......
#........ #+#####


You could see Maggie (fleeing), a hound (fleeing), a bullfrog zombie, a centaur
zombie and 2 centaur skeletons.

Vanquished Creatures
  3 yaks (D:6)
  A steam dragon (D:6)
  A water moccasin (D:6)
  Duvessa (D:4)
  A sky beast (D:6)
  A bullfrog (D:6)
  2 scorpions
  A water moccasin zombie (D:3)
  Dowan (D:4)
  A wight (D:6)
  A centaur zombie (D:5)
  A hound (D:5)
  A jelly (D:6)
  A bullfrog skeleton (D:5)
  A gnoll shaman (D:7)
  2 orc priests (D:5)
  2 iguanas
  2 orc wizards
  5 adders
  6 gnolls
  A shadow imp (D:6)
  A white imp (D:6)
  An adder skeleton (D:4)
  An adder zombie (D:5)
  4 dart slugs
  16 orcs
  10 endoplasms
  6 giant cockroaches
  A goblin (D:3)
  11 hobgoblins
  4 quokkas
  10 ball pythons
  3 bats
  2 frilled lizards
  10 kobolds
  3 rats
119 creatures vanquished.

Vanquished Creatures (others)
  A ball python (D:4)
  A fungus (D:5)
  6 plants
8 creatures vanquished.

Grand Total: 127 creatures vanquished

Notes
Turn   | Place    | Note
-------+----------+-------------------------------------------
     0 | D:1      | MisterFreud the Draconian Transmuter began the quest for
                  | the Orb.
     0 | D:1      | Reached XP level 1. HP: 16/16 MP: 3/3
   326 | D:1      | Reached XP level 2. HP: 13/23 MP: 3/5
   595 | D:1      | Found a faded altar of an unknown god.
  1161 | D:1      | Found Ruowob's General Store.
  1170 | D:1      | Bought a scroll of identify for 26 gold pieces
  1173 | D:1      | Learned a level 2 spell: Wereblood
  1593 | D:2      | Reached XP level 3. HP: 28/28 MP: 4/6
  1603 | D:2      | Learned a level 3 spell: Spider Form
  2217 | D:2      | Reached XP level 4. HP: 35/35 MP: 7/7
  2361 | D:3      | Noticed Grinder
  2920 | D:4      | Reached XP level 5. HP: 39/40 MP: 6/8
  3084 | D:5      | Entered Level 5 of the Dungeon
  3093 | D:4      | Reached skill level 5 in Transmutations
  3223 | D:4      | Noticed Duvessa
  3279 | D:4      | Noticed Dowan
  3605 | D:4      | You fall into a shaft and drop 1 floor!
  4046 | D:3      | Reached XP level 6. HP: 44/52 MP: 9/9
  4179 | D:3      | Found an iron altar of Okawaru.
  4179 | D:3      | Found a white marble altar of Elyvilon.
  4186 | D:3      | Found a faded altar of an unknown god.
  4188 | D:3      | Found a faded altar of an unknown god.
  4190 | D:3      | Found a sparkling altar of Nemelex Xobeh.
  4364 | D:4      | Killed Duvessa
  4365 | D:4      | Reached skill level 4 in Unarmed Combat
  4370 | D:4      | Killed Dowan
  4712 | D:4      | Found a staircase to the Ecumenical Temple.
  4829 | Temple   | Entered the Ecumenical Temple
  5009 | Temple   | Became a worshipper of Cheibriados the Contemplative
  5253 | D:5      | Reached skill level 5 in Unarmed Combat
  5279 | D:5      | Your scales start taking on an icy white colour.
  5279 | D:5      | Reached XP level 7. HP: 24/59 MP: 8/10
  5279 | D:5      | Gained mutation: Your flesh is cold resistant. (rC+) [White
                  | Draconian growth]
  5629 | D:5      | Reached skill level 6 in Unarmed Combat
  6024 | D:5      | Found a sacrificial altar of Ru.
  6106 | D:6      | Noticed a yak
  6108 | D:6      | Noticed a yak
  6109 | D:6      | Noticed a yak
  6128 | D:5      | Reached * piety under Cheibriados
  6142 | D:5      | Learned a level 4 spell: Ice Form
  6309 | D:6      | Reached skill level 1 in Ice Magic
  6668 | D:6      | Killed a yak
  6669 | D:6      | Reached XP level 8. HP: 61/66 MP: 8/11
  6683 | D:6      | Reached skill level 7 in Unarmed Combat
  7549 | D:7      | Noticed Maggie
  7552 | D:7      | Reached skill level 8 in Unarmed Combat
  7737 | D:7      | Found Roqueqet's Jewellery Shop.
  7849 | D:7      | HP: 2/76 [bullfrog (2)]
  7852 | D:7      | Slain by a bullfrog zombie

Illustrated notes

Levels and vault maps discovered:
D:1:      dpeg_arrival_rooms_a, layout_loops_corners, serial_shops,
          nicolae_lakefront_shop, shapermc_ecumenical_altar_pompeii
D:2:      layout_rooms, serial_bayou_ford_a, corexii_shack,
          nicolae_elevator_lobby_plus
D:3:      layout_basic, chequers_temple_overflow_minitemple, uniq_grinder
D:4:      layout_basic, lemuel_temple_firewalk_b, uniq_duvessa
D:5:      layout_cave_pools, nicolae_ru_the_path_less_chosen,
          chequers_serial_rivers_small_3
D:6:      layout_loops_ring, corexii_leaking_fountain,
          amcnicky_mini_corridor_feature
D:7:      layout_basic, serial_shops, shop_statue,
          hangedman_abyss_or_decor_lesser_grid, uniq_maggie
Temple:   eino_temple_scatter_basement

Skill      XL: |  1  2  3  4  5  6  7  8 |
---------------+-------------------------+-----
Transmutations | 3 4 5 6 |  6.8
Fighting       | 3 4 |  4.0
Unarmed Combat | 5 6 8 |  8.1
Ice Magic      | 3 4 |  4.0
Dodging        | |  1.9
Spellcasting   | |  2.1

Action                   |  1- 3 |  4- 6 |  7- 9 || total
-------------------------+-------+-------+-------++-------
Melee: Unarmed           |   134 |   191 |   122 ||   447
       Kick              |    23 |    10 |     1 ||    34
       Headbutt          |    11 |     7 |       ||    18
       Tailslap          |    12 |    16 |     3 ||    31
       Punch             |     1 |     4 |     1 ||     6
 Cast: Beastly Appendage |    25 |    16 |     1 ||    42
       Spider Form       |       |     8 |    10 ||    18
       Ice Form          |       |       |     5 ||     5
       Wereblood         |       |       |     1 ||     1
  Use: Scroll            |       |     7 |     4 ||    11
Armor: Skin              |    41 |    38 |    23 ||   102
Dodge: Dodged            |    88 |   130 |    70 ||   288
